 Dungeon Crawl Stone Soup version 0.29.1-2-gbd0b4ee654 (webtiles) character file.

Game seed: 225868357333648739

919 funnyparkerb the Cudgeller (level 8, -4/48 HPs)
             Began as a Gargoyle Fighter on Nov 1, 2022.
             Was an Initiate of Okawaru.
             Slain by an ogre
             ... wielding a +0 giant club
              (10 damage)
             ... on level 5 of the Dungeon.
             The game lasted 00:06:39 (4810 turns).

funnyparkerb the Cudgeller (Gargoyle Fighter)       Turns: 4810, Time: 00:06:40

Health: -4/48      AC: 18    Str: 23    XL:     8   Next: 9%
Magic:  9/9        EV:  8    Int:  8    God:    Okawaru [......]
Gold:   316        SH:  4    Dex:  9    Spells: 7/7 levels left

rFire   . . .      SeeInvis .   C - +0 morningstar
rCold   . . .      Faith    .   c - +0 buckler
rNeg    + . .      Spirit   .   j - +0 chain mail
rPois   ∞          Reflect  .   f - +2 hat
rElec   +          Harm     .   (no cloak)
rCorr   .          Rampage  .   w - +0 pair of gloves
Will    .....                   (no boots)
Stlth   ..........              (no amulet)
HPRegen 0.16/turn               (no ring)
MPRegen 0.11/turn               (no ring)

@: no status effects
A: sickness immunity, AC +5, negative energy resistance 1, electricity
resistance, torment resistance 1, petrification resistance
a: Renounce Religion


You were on level 5 of the Dungeon.
You worshipped Okawaru.
Okawaru was noncommittal.
You visited 2 branches of the dungeon, and saw 6 of its levels.

You collected 316 gold pieces.

Inventory:

Hand Weapons
 C - a +0 morningstar (weapon)
Armour
 b - a +0 scale mail
 c - a +0 buckler (worn)
 f - a +2 hat (worn)
 j - a +0 chain mail (worn)
 w - a +0 pair of gloves (worn)
Jewellery
 u - a ring of ice
Wands
 o - a wand of flame (7)
Scrolls
 e - 2 scrolls of noise {unknown}
 i - 5 scrolls of identify {unknown}
 p - 2 scrolls of fear {unknown}
 r - a scroll of immolation {unknown}
 s - 2 scrolls of poison {unknown}
 v - a scroll of enchant weapon {unknown}
 x - 3 scrolls of fog {unknown}
 y - a scroll of magic mapping {unknown}
 z - a scroll of teleportation {unknown}
 B - a scroll of summoning {unknown}
Potions
 d - 2 potions of might
 g - 2 potions of brilliance {unknown}
 h - a potion of invisibility {unknown}
 k - 2 potions of heal wounds
 l - 2 potions of curing {unknown}
 m - a potion of lignification {unknown}
 n - a potion of degeneration {unknown}
 q - 2 potions of magic {unknown}
 t - a potion of ambrosia {unknown}
 A - a potion of flight {unknown}


   Skills:
 + Level 4.7 Fighting
 - Level 7.0 Maces & Flails
 + Level 4.7 Armour
 + Level 2.2 Dodging
 - Level 3.2 Shields
 + Level 2.4 Invocations


You had 7 spell levels left.
You didn't know any spells.
Your spell library contained the following spells:

 Spells                   Type           Power      Damage    Failure   Level
 Apportation              Tloc           0%         N/A       99%         1
 Freeze                   Ice            0%         1d3       99%         1
 Necrotise                Necr           0%         1d4       99%         1
 Blink                    Tloc           0%         N/A       100%        2
 Ensorcelled Hibernation  Hex/Ice        0%         N/A       100%        2
 Frozen Ramparts          Ice            0%         1d1       100%        3
 Lesser Beckoning         Tloc           0%         N/A       100%        3
 Spider Form              Tmut/Pois      0%         N/A       100%        3
 Anguish                  Hex/Necr       0%         N/A       100%        4
 Hailstorm                Conj/Ice       0%         3d3       100%        4
 Manifold Assault         Tloc           0%         N/A       100%        5
 Summon Small Mammal      Summ           Unusable   N/A       N/A         1

Dungeon Overview and Level Annotations

Branches:
Dungeon (5/15)             Temple (1/1) D:4

Altars:
Cheibriados
Gozag
Hepliaklqana
Makhleb
Okawaru
Qazlal
Trog
Zin
The Shining One

Annotations:
D:4 2 transporters


Innate Abilities, Weirdness & Mutations

You are immune to sickness and miasma.
Your stone body is resilient. (AC +5)
You are immune to poison.
You resist negative energy. (rN+)
You are resistant to electric shocks. (rElec)
You are resistant to unholy torment.
You are immune to petrification.


Message History

Partly explored, unvisited transporter.
Things that are here:
a +0 dagger; a +0 robe; an orc corpse The shadow imp shouts!
The shadow imp shouts, "Back with thee, thou foppish earth-vexing barnacle!"
The orc priest shouts!
The orc priest shouts!
The shadow imp shouts, "Take thy face hence, thou odious doghearted foot-licker!"
There is a stone staircase leading down here.
You climb downwards.
The ogre shouts!
There is a stone staircase leading up here.
Aiming: Throw Flame
Press: ? - help, Shift-Dir - straight line, f - ogre
Aim: an ogre, wielding a +0 giant club (85% to hit)
The puff of flame misses the ogre.
You barely miss the ogre. The ogre hits you with a +0 giant club!
You hit the ogre but do no damage. You hit the ogre.
The ogre is lightly wounded.
You block the ogre's attack.
You barely miss the ogre.
The ogre is lightly wounded.
The ogre hits you but does no damage.
You sock the ogre!
The ogre is severely wounded.
The ogre closely misses you.
You hit the ogre.
The ogre is severely wounded.
The ogre hits you with a +0 giant club!!
You completely miss the ogre.
The ogre is severely wounded.
You hit the ogre.
The ogre is almost dead.
The ogre hits you with a +0 giant club!
* * * LOW HITPOINT WARNING * * *
You barely miss the ogre.
The ogre is almost dead.
The ogre hits you with a +0 giant club!
You die... ########. #@O...... #########

You could see an ogre.

Vanquished Creatures
  Grinder (D:4)
  Sigmund (D:3)
  A phantom (D:4)
  A scorpion (D:4)
  A necrophage (D:3)
  A hound (D:4)
  An orc priest (D:4)
  Jessica (D:3)
  Terence (D:2)
  2 orc wizards (D:4)
  Ijyb (D:3)
  9 adders
  A dart slug (D:4)
  8 orcs
  8 bats
  8 endoplasms
  3 giant cockroaches (D:1)
  7 goblins
  11 hobgoblins
  4 jackals (D:3)
  5 quokkas
  14 ball pythons
  A frilled lizard (D:3)
  5 kobolds
  4 rats (D:1)
100 creatures vanquished.

Notes
Turn   | Place    | Note
-------+----------+-------------------------------------------
     0 | D:1      | funnyparkerb the Gargoyle Fighter began the quest for the
                  | Orb.
     0 | D:1      | Reached XP level 1. HP: 14/14 MP: 1/1
   101 | D:1      | Reached XP level 2. HP: 15/19 MP: 2/2
   307 | D:1      | Reached skill level 3 in Maces & Flails
   778 | D:1      | Reached XP level 3. HP: 23/23 MP: 3/3
  1554 | D:2      | Reached skill level 4 in Maces & Flails
  1555 | D:2      | Reached XP level 4. HP: 28/28 MP: 4/4
  1674 | D:2      | Noticed Terence
  1686 | D:2      | Killed Terence
  2197 | D:3      | Noticed Ijyb
  2216 | D:2      | Reached skill level 5 in Maces & Flails
  2305 | D:2      | Reached XP level 5. HP: 26/32 MP: 5/5
  2375 | D:3      | Killed Ijyb
  2425 | D:3      | Noticed Jessica
  2430 | D:3      | Killed Jessica
  2699 | D:3      | Noticed Sigmund
  2712 | D:3      | Killed Sigmund
  2713 | D:3      | Reached skill level 6 in Maces & Flails
  2713 | D:3      | Reached XP level 6. HP: 25/37 MP: 6/6
  2996 | D:3      | Found a faded altar of an unknown god.
  3031 | D:3      | Reached skill level 7 in Maces & Flails
  3217 | D:3      | Reached XP level 7. HP: 41/41 MP: 7/7
  3538 | D:4      | Found a transporter.
  3577 | D:4      | Reached skill level 1 in Dodging
  3671 | D:4      | Found a staircase to the Ecumenical Temple.
  3694 | Temple   | Entered the Ecumenical Temple
  3699 | Temple   | Became a worshipper of Warmaster Okawaru
  3735 | D:4      | Noticed Grinder
  3747 | D:4      | Paralysed by Grinder for 4 turns
  3752 | D:4      | Killed Grinder
  3753 | D:4      | Reached skill level 1 in Invocations
  3839 | D:4      | Found a transporter.
  3850 | D:4      | Noticed a kobold demonologist
  4542 | D:4      | Reached XP level 8. HP: 48/48 MP: 9/9
  4800 | D:5      | Entered Level 5 of the Dungeon
  4810 | D:5      | Slain by an ogre

Illustrated notes

Levels and vault maps discovered:
D:1:      lemuel_arrival_cross, layout_loops_ring, minmay_misc_feat_tower
D:2:      layout_loops_cross, grunt_decor_one_mirror, uniq_terence
D:3:      layout_loops_corners, nicolae_ecumenical_snake_handling, uniq_ijyb,
          uniq_sigmund, uniq_jessica
D:4:      gammafunk_wand_slinger, layout_basic, minmay_temple_entry_large_hall,
          uniq_grinder
D:5:      layout_basic, serial_curves, eino_curves_02, eino_curves_02,
          hangedman_abyss_or_decor_passed, bh_walls_and_bars
Temple:   compressed_dpeg_triangle_lava_temple

Skill      XL: |  1  2  3  4  5  6  7 |
---------------+----------------------+-----
Maces & Flails | 3 4 5 6 7 |  7.0
Dodging        | 2 |  2.2
Fighting       | 4 |  4.7
Armour         | 4 |  4.7
Invocations    | 2 |  2.4
Shields        | |  3.2

Action                   |  1- 3 |  4- 6 |  7- 9 || total
-------------------------+-------+-------+-------++-------
Melee: Flail             |   111 |   135 |   111 ||   357
       Morningstar       |       |       |    22 ||    22
Evoke: Wand              |       |     9 |    11 ||    20
  Use: Potion            |       |       |     1 ||     1
Armor: Scale mail        |    43 |       |       ||    43
       Chain mail        |    29 |    72 |   111 ||   212
Dodge: Dodged            |    50 |    40 |    44 ||   134
Block: Buckler           |    20 |    19 |    20 ||    59
